 Dungeon Crawl Stone Soup version 0.25-a0-87-ga3d287bc14 (webtiles) character file.

Game seed: 16253901874050630057, levelgen mode: deterministic

514660 MrRokkomies the Middleweight Champion (level 25, -1/223 HPs)
             Began as a Ghoul Monk on Nov 8, 2019.
             Was the Champion of Makhleb.
             Killed by divine providence
             ... invoked by a mummy priest
              (13 damage)
             ... on level 2 of the Tomb of the Ancients on Nov 10, 2019.
             The game lasted 04:25:25 (52373 turns).

MrRokkomies the Middleweight Champion (Ghoul Monk) Turns: 52373, Time: 04:25:25

Health: -1/223     AC: 50    Str: 21 (25) XL:     25   Next: 66%
Magic:  36/36      EV:  6    Int:  9      God:    Makhleb [******]
Gold:   2730       SH:  0    Dex: 11      Spells: 17/24 levels left

rFire    + . .     SeeInvis +     - Unarmed
rCold    + + .     Gourm    .   (no shield)
rNeg     + + +     Faith    +   J - +8 orange crystal plate armour {Archmagi, Int+3 Clar}
rPois    ∞         Spirit   .   U - +2 helmet {SInv}
rElec    .         Reflect  .   T - +2 ratskin cloak {+Rats rPois rN+ Str-1 Int-1 Dex+1}
rCorr    .         Harm     .   u - +2 pair of gloves {Str+3}
MR       +....     Clarity  +   B - +2 pair of boots {run}
Stlth    ..........             d - amulet of faith
HPRegen  0.00/turn              F - ring of Ecaarit {rPois rC+ AC+4 Dex-3 Slay+3}
MPRegen  0.25/turn              R - ring of protection from fire

@: about to teleport, rotting, hasted and slowed, quick
A: rotting body, claws 1, carnivore, cold resistance 1, negative energy
resistance 3, inhibited regeneration, torment resistance, unbreathing
}: 2/15 runes: decaying, gossamer
a: Minor Destruction, Lesser Servant of Makhleb, Major Destruction, Greater
Servant of Makhleb, Renounce Religion, Evoke Ratskin


You were on level 2 of the Tomb of the Ancients.
You worshipped Makhleb.
Makhleb was exalted by your worship.
You were not hungry.

You visited 9 branches of the dungeon, and saw 43 of its levels.
You visited the Abyss 2 times.
You visited 1 bazaar.
You also visited: Bailey, Gauntlet, Ice Cave, Volcano and Desolation.

You collected 6355 gold pieces.
You spent 3625 gold pieces at shops.

Inventory:

Hand Weapons
 b - a +6 arbalest of freezing
Missiles
 f - 24 curare-tipped darts (quivered)
 h - 1220 bolts
Armour
 u - a +2 pair of gloves of strength (worn)
 B - a +2 pair of boots of running (worn)
 J - the +8 orange crystal plate armour (worn) {Archmagi, Int+3 Clar}
   (You bought it in a shop in a bazaar)

   It affects your intelligence (+3).
   It protects you against confusion.
 T - the +2 ratskin cloak (worn) {+Rats rPois rN+ Str-1 Int-1 Dex+1}
   (You found it on level 7 of the Dungeon)

   It affects your strength (-1).
   It affects your intelligence (-1).
   It affects your dexterity (+1).
   It protects you from poison.
   It protects you from negative energy.
 U - a +2 helmet of see invisible (worn)
Jewellery
 d - an amulet of faith (around neck)
 j - the ring "Yqebluco" {rPois rN+ MR+ Str+2}
   (You found it on level 3 of the Elven Halls)

   [ring of strength]

   It affects your strength (+2).
   It protects you from poison.
   It protects you from negative energy.
   It affects your resistance to hostile enchantments.
 s - an uncursed ring of fire
 x - the ring "Dapulue" {rC+ rCorr SInv}
   (You bought it in a shop on level 2 of the Orcish Mines)

   [ring of resist corrosion]

   It protects you from cold.
   It lets you see invisible.
   It provides partial protection from all sources of acid and corrosion.
 F - the ring of Ecaarit (left hand) {rPois rC+ AC+4 Dex-3 Slay+3}
   (You found it in the Desolation of Salt)

   [ring of protection]

   It affects your AC (+4).
   It affects your dexterity (-3).
   It affects your accuracy and damage with ranged weapons and melee attacks
   (+3).
   It protects you from cold.
   It protects you from poison.
 R - a ring of protection from fire (right hand)
 X - the ring "Cuidgh" {rPois rN+ MR+ Str+2 SInv}
   (You took it off a death knight on level 3 of the Crypt)

   [ring of positive energy]

   It affects your strength (+2).
   It protects you from poison.
   It protects you from negative energy.
   It affects your resistance to hostile enchantments.
   It lets you see invisible.
Wands
 e - a wand of iceblast (26)
 q - a wand of flame (9)
 t - a wand of paralysis (61)
 v - a wand of acid (16)
 A - a wand of digging (28)
 D - a wand of clouds (12)
 M - a wand of scattershot (1)
 S - a wand of disintegration (16)
Scrolls
 c - 10 scrolls of teleportation
 m - 6 scrolls of remove curse
 n - 9 scrolls of fog
 o - 2 scrolls of fear
 r - 7 scrolls of immolation
 y - 9 scrolls of identify
 H - 2 scrolls of magic mapping
 K - a scroll of enchant armour
 O - 2 scrolls of brand weapon
 V - 2 scrolls of torment
Potions
 i - a potion of invisibility
 k - 6 potions of flight
 l - 6 potions of magic
 p - 7 potions of haste
 z - 17 potions of curing
 C - 5 potions of agility
 G - 8 potions of might
 I - 9 potions of ambrosia
 N - 2 potions of brilliance
 W - a potion of cancellation
Miscellaneous
 a - a lamp of fire
 P - a fan of gales (inert)
 Q - 2 sacks of spiders
 Y - a phantom mirror
Comestibles
 w - 82 rations


   Skills:
 * Level 17.8 Fighting
 - Level 18.0 Crossbows
 * Level 15.5 Armour
 - Level 2.6 Dodging
 - Level 2.1 Stealth
 O Level 27 Unarmed Combat
 + Level 20.4 Invocations
 - Level 10.0 Evocations


You had 17 spell levels left.
You knew the following spells:

 Your Spells              Type           Power        Failure   Level  Hunger
a - Confusing Touch       Hex            #.....       100%        1    ##.....
b - Blink                 Tloc           N/A          100%        2    ###....
c - Summon Butterflies    Summ           #.......     100%        1    ##.....
d - Apportation           Tloc           #.....       100%        1    ##.....
e - Passwall              Tmut/Erth      #.......     100%        2    ###....

Your spell library contained the following spells:

 Spells                   Type           Power        Failure   Level  Hunger
 Animate Skeleton         Necr           N/A          100%        1    ##.....
 Corona                   Hex            #......      100%        1    ##.....
 Flame Tongue             Conj/Fire      #....        100%        1    ##.....
 Freeze                   Ice            #...         100%        1    ##.....
 Magic Dart               Conj           #...         100%        1    ##.....
 Pain                     Necr           #...         100%        1    ##.....
 Sandblast                Erth           #.....       100%        1    ##.....
 Shock                    Conj/Air       #...         100%        1    ##.....
 Sting                    Conj/Pois      #...         100%        1    ##.....
 Call Imp                 Summ           #.......     100%        2    ###....
 Ensorcelled Hibernation  Hex/Ice        #.....       100%        2    ###....
 Poisonous Vapours        Pois/Air       #.....       100%        2    ###....
 Searing Ray              Conj           #.....       100%        2    ###....
 Slow                     Hex            #.......     100%        2    ###....
 Sticks to Snakes         Tmut           #.......     100%        2    ###....
 Swiftness                Chrm/Air       #.......     100%        2    ###....
 Throw Flame              Conj/Fire      #.....       100%        2    ###....
 Throw Frost              Conj/Ice       #.....       100%        2    ###....
 Call Canine Familiar     Summ           #.......     100%        3    ####...
 Confuse                  Hex            #.......     100%        3    ####...
 Conjure Flame            Conj/Fire      #.......     100%        3    ####...
 Dazzling Spray           Conj/Hex       #.....       100%        3    ####...
 Gell's Gravitas          Tloc           #.........   100%        3    ####...
 Inner Flame              Hex/Fire       #.......     100%        3    ####...
 Lesser Beckoning         Tloc           #.........   100%        3    ####...
 Mephitic Cloud           Conj/Pois/Air  #.......     100%        3    ####...
 Ozocubu's Armour         Chrm/Ice       #.......     100%        3    ####...
 Portal Projectile        Hex/Tloc       #.....       100%        3    ####...
 Recall                   Summ/Tloc      N/A          100%        3    ####...
 Regeneration             Chrm/Necr      #.........   100%        3    ####...
 Static Discharge         Conj/Air       #.......     100%        3    ####...
 Stone Arrow              Conj/Erth      #.....       100%        3    ####...
 Summon Guardian Golem    Hex/Summ       #.......     100%        3    ####...
 Tukima's Dance           Hex            #.......     100%        3    ####...
 Vampiric Draining        Necr           #.........   100%        3    ####...
 Airstrike                Air            #.........   100%        4    #####..
 Animate Dead             Necr           N/A          100%        4    #####..
 Cause Fear               Hex            #.........   100%        4    #####..
 Force Lance              Conj/Tloc      #.......     100%        4    #####..
 Fulminant Prism          Conj/Hex       #.........   100%        4    #####..
 Iskenderun's Mystic Bla  Conj           #.......     100%        4    #####..
 Leda's Liquefaction      Hex/Erth       #.........   100%        4    #####..
 Olgreb's Toxic Radiance  Pois           #.......     100%        4    #####..
 Petrify                  Tmut/Erth      #.......     100%        4    #####..
 Sticky Flame             Conj/Fire      #.......     100%        4    #####..
 Summon Ice Beast         Ice/Summ       #.......     100%        4    #####..
 Throw Icicle             Conj/Ice       #.......     100%        4    #####..
 Alistair's Intoxication  Tmut/Pois      #.......     100%        5    ######.
 Aura of Abjuration       Summ           #.........   100%        5    ######.
 Borgnjor's Vile Clutch   Necr/Erth      #.........   100%        5    ######.
 Excruciating Wounds      Chrm/Necr      #.........   100%        5    ######.
 Fireball                 Conj/Fire      #.........   100%        5    ######.
 Irradiate                Conj/Tmut      #.........   100%        5    ######.
 Lee's Rapid Deconstruct  Erth           #.........   100%        5    ######.
 Lightning Bolt           Conj/Air       #.........   100%        5    ######.
 Metabolic Englaciation   Hex/Ice        #.........   100%        5    ######.
 Summon Demon             Summ           #.........   100%        5    ######.
 Summon Forest            Summ/Tloc      #.........   100%        5    ######.
 Summon Mana Viper        Hex/Summ       #.......     100%        5    ######.
 Venom Bolt               Conj/Pois      #.........   100%        5    ######.
 Yara's Violent Unravell  Hex/Tmut       #.........   100%        5    ######.
 Bolt of Cold             Conj/Ice       #.........   100%        6    #######
 Bolt of Fire             Conj/Fire      #.........   100%        6    #######
 Death Channel            Necr           #.........   100%        6    #######
 Freezing Cloud           Conj/Ice/Air   #.........   100%        6    #######
 Invisibility             Hex            #.......     100%        6    #######
 Ozocubu's Refrigeration  Ice            #.........   100%        6    #######
 Shadow Creatures         Summ           N/A          100%        6    #######
 Simulacrum               Ice/Necr       #.........   100%        6    #######
 Ring of Flames           Chrm/Fire      #.........   100%        7    #######
 Spellforged Servitor     Conj/Summ      #.........   100%        7    #######
 Disjunction              Tloc           #.........   100%        8    #######
 Dragon's Call            Summ           #.........   100%        9    #######
 Beastly Appendage        Tmut           Unusable     N/A         1    N/A
 Spider Form              Tmut/Pois      Unusable     N/A         3    N/A
 Ice Form                 Ice/Tmut       Unusable     N/A         4    N/A
 Blade Hands              Tmut           Unusable     N/A         5    N/A
 Hydra Form               Tmut           Unusable     N/A         6    N/A
 Statue Form              Tmut/Erth      Unusable     N/A         6    N/A
 Dragon Form              Tmut           Unusable     N/A         7    N/A

Dungeon Overview and Level Annotations

Branches:
Dungeon (15/15)            Temple (0/1) D:5            Lair (6/6) D:11
  Swamp (4/4) Lair:3       Spider (4/4) Lair:2        Slime (0/5) Lair:6
    Orc (2/2) D:11            Elf (3/3) Orc:2        Vaults (4/5) D:14
  Crypt (3/3) Vaults:2       Tomb (2/3) Crypt:3      Depths (0/5) D:15
 Bailey (visited)           IceCv (visited)         Volcano (visited)
Desolation (visited)      Gauntlet (visited)

Altars:
Fedhas
Hepliaklqana
Kikubaaqudgha
Makhleb
Qazlal
Ru
Trog
Xom
Yredelemnul
Zin
Beogh
Jiyva

Shops:
D:8 *   Orc:2 (*=*   Vaults:2 [:}

Annotations:
D:3 3 runed translucent doors, TimeIsEndless's ghost, amateur OpAE
D:6 2 runed translucent doors, Mort's ghost, novice HaMo
D:15 3 runed translucent doors, Kafito's ghost, journeyman GrEE
Lair:1 exclusion: oklob plant
Swamp:1 3 runed translucent doors, skelma's ghost, journeyman FoFi
Spider:3 3 runed translucent doors, Baimagru's ghost, adept DDFi
Vaults:1 3 runed translucent doors, Lofupn's ghost, adept SpEn; Sudaz's ghost, veteran MiGl


Innate Abilities, Weirdness & Mutations

Your body is rotting away.
You thrive on raw meat.
You are immune to poison.
You have sharp fingernails.
You are carnivorous and can eat meat at any time.
Your flesh is cold resistant. (rC+)
You are immune to negative energy. (rN+++)
You do not regenerate when monsters are visible.
You are immune to unholy pain and torment.
You can survive without breathing.


Message History

As you read the scroll of teleportation, it crumbles to dust.
You feel strangely unstable.
Evoke which item? (* to show all) (? for menu, Esc to quit)
Okay, then.
Unknown command.
Unknown command.
As you read the scroll of summoning, it crumbles to dust.
Wisps of shadow whirl around you... The bennu pecks your ushabti.
The bennu claws your ushabti!
The bennu claws your ushabti but does no damage.
The mummy priest mumbles some strange prayers to its god.
The bennu pecks your ushabti!
The bennu claws your ushabti but does no damage.
The bennu claws your ushabti.
The bennu pecks your ushabti but does no damage.
The bennu claws your ushabti! x2
Your ushabti is destroyed!
The mummy priest invokes the aid of its god against you.
Something smites you!
You die...

#(^(..(?......M.
#.(.............
#######(..?.........W.
#....(Z...b((...#...#.
#....M#.....(........Z
#...Zb#......(.....M
#...W.#.............
#.....#...####......
#.^..@#...# ....^
#..MM.#...# ....
#.^...#.... ...
###+###..... ..
####### #


You could see a bennu, a mummy priest, a spectral stone giant, a hungry ghost, a
fire giant simulacrum, a friendly mummy priest and a friendly guardian mummy.

Vanquished Creatures
  Mara (Swamp:4)
  5 greater mummies
  Bai Suzhen (Vaults:4)
  Boris (twice) (Vaults:4 Crypt:2)
  Frederick (Vaults:4)
  Saint Roka (Crypt:3)
  A profane servitor (Crypt:3)
  Nikola (Swamp:4)
  A bone dragon (Crypt:3)
  Rupert (D:13)
  3 liches
  2 Ice Fiends (IceCv)
  4 deep elf blademasters
  A deep elf master archer (Elf:3)
  8 sphinxes
  Agnes (D:14)
  A tentacled starspawn (Abyss:4)
  5 ancient champions
  2 tengu reavers
  A shadow dragon (Vaults:2)
  3 thorn hunters
  Donald (Swamp:4)
  5 revenants
  A frost giant (Vaults:2)
  6 vault wardens
  9 deep elf sorcerers
  An orc warlord (Orc:1)
  Aizul (Vaults:3)
  6 emperor scorpions
  4 curse skulls (Crypt:2)
  2 ghost moths (Spider:4)
  5 deep elf elementalists (Elf:3)
  10 ironheart preservers
  21 ghouls
  5 stone giants
  A very ugly thing (Vaults:2)
  2 bennus (Tomb:1)
  7 entropy weavers
  8 deep elf demonologists
  4 vampire knights
  3 halazid warlocks (Desolation)
  3 spark wasps
  A minotaur (Gauntlet)
  9 deep elf annihilators
  11 mummy priests
  2 crystal guardians (Desolation)
  6 eidola
  10 deep elf death magi
  Josephine (Spider:1)
  2 fire dragons
  4 deep elf high priests (Elf:3)
  11 ragged hierophants (Desolation)
  2 jiangshi (Crypt:2)
  8 yaktaur captains
  2 great orbs of eyes
  An ice dragon (Spider:4)
  Fannar (Lair:1)
  4 rakshasas
  8 vault guards
  22 hydras
  3 peacekeepers (Desolation)
  4 servants of whispers (Desolation)
  A ghost crab (Swamp:4)
  36 two-headed ogres
  5 shambling mangroves
  7 centaur warriors
  33 dancing weapons
  2 tengu warriors (D:14)
  34 death scarabs
  5 death knights
  11 ogre magi
  A deep troll shaman (Vaults:4)
  Urug (D:11)
  A titan zombie (Tomb:1)
  6 alligators
  6 thrashing horrors
  3 orc high priests
  A shock serpent (shapeshifter) (Vaults:3)
  2 vampire magi (Crypt:1)
  21 deep elf knights
  A storm dragon zombie (Crypt:3)
  46 skeletal warriors
  A shadow wraith (Abyss:4)
  A spectral emperor scorpion (Spider:4)
  A fire crab (shapeshifter) (D:13)
  A sixfirhy (Abyss:4)
  2 wretched stars (Abyss:4)
  5 hell knights
  A death drake (shapeshifter) (D:15)
  4 flayed ghosts
  6 deep trolls
  A spatial maelstrom (Abyss:4)
  6 unseen horrors
  2 storm dragon skeletons (Crypt:2)
  11 swamp dragons
  3 anaconda zombies (Crypt:3)
  A glowing orange brain (Vaults:3)
  2 wizards (Vaults:1)
  14 ironbrand convokers
  2 lindwurms (Lair:6)
  4 unseen horrors (shapeshifter)
  4 spriggan druids
  4 wolf spider zombies
  A lindwurm (shapeshifter) (Elf:1)
  16 deep elf archers
  19 phantasmal warriors
  Pikel (D:6)
  13 orc knights
  4 frost giant zombies
  2 spectral wolf spiders (Spider:4)
  16 orb spiders
  6 necromancers
  58 deep elf magi
  3 manticores
  26 wolf spiders
  8 cyclopes
  A worldbinder (Abyss:2)
  A salamander (shapeshifter) (Vaults:4)
  30 ugly things
  2 fire giant zombies (Crypt:2)
  3 moths of wrath
  5 orc sorcerers
  3 stone giant zombies
  An iron dragon skeleton (Crypt:2)
  2 dire elephant zombies
  A water nymph (shapeshifter) (Elf:3)
  A stone giant skeleton (Crypt:2)
  6 black mambas
  2 centaur zombies
  An apocalypse crab (Abyss:2)
  4 torpor snails (Lair:6)
  11 vault sentinels
  A molten gargoyle (Desolation)
  2 ice statues (IceCv)
  4 guardian serpents (Desolation)
  6 large abominations
  Joseph (D:8)
  11 spiny frogs
  5 gargoyles
  4 rime drakes
  9 freezing wraiths
  37 yaktaurs
  3 centaur skeletons
  2 efreet
  2 kobold demonologists (D:13)
  2 redback zombies (Spider:4)
  A black draconian zombie (Crypt:1)
  12 demonic crawlers
  A komodo dragon (shapeshifter) (Elf:1)
  2 spectral redbacks (Spider:4)
  2 ancient zymes (Abyss:4)
  2 rime drakes (shapeshifter) (Vaults:3)
  13 ice devils (IceCv)
  16 guardian mummies
  5 komodo dragons
  A ghost moth simulacrum (Tomb:2)
  2 tengu conjurers (D:15)
  A jumping spider (shapeshifter) (Vaults:4)
  4 meliai (Spider:3)
  A hydra zombie (Crypt:3)
  30 jumping spiders
  35 hornets
  13 tyrant leeches
  A queen bee (Gauntlet)
  A spectral jumping spider (Spider:4)
  A polar bear (shapeshifter) (Elf:1)
  A death drake zombie (Crypt:1)
  3 jumping spider zombies
  2 polar bears
  47 saltlings (Desolation)
  4 spectral tarantellas (Spider:4)
  9 dream sheep
  11 bog bodies
  3 trolls
  An ettin zombie (Crypt:3)
  9 hippogriffs
  3 fire dragon zombies
  A tarantella zombie (Spider:4)
  20 blink frogs
  24 slime creatures
  A fire giant simulacrum (Crypt:2)
  A fire dragon skeleton (Tomb:1)
  27 flying skulls
  76 redbacks
  4 spriggans
  An ice dragon skeleton (Crypt:2)
  4 water elementals
  6 shadows
  3 air elementals
  A wyvern (D:8)
  3 fire elementals
  6 ushabtiu
  2 basilisks
  17 wraiths
  23 tarantellas
  10 fire bats
  39 yaks
  2 human simulacra
  6 hungry ghosts
  A chaos spawn (Abyss:2)
  A yaktaur simulacrum (Vaults:2)
  14 vampire mosquitoes
  2 neqoxecs
  4 spatial vortices (Abyss:4)
  A merfolk zombie (Crypt:3)
  3 acid dragons
  A monstrous demonspawn zombie (Crypt:2)
  4 insubstantial wisps (Swamp:2)
  A soldier ant (D:12)
  7 wargs
  18 swamp worms
  A two-headed ogre skeleton (Crypt:1)
  A spiny frog zombie (Crypt:2)
  2 floating eyes (shapeshifter)
  13 water moccasins
  Duvessa (D:7)
  6 porcupines
  A spectral hornet (Spider:4)
  11 swamp drakes
  46 orc warriors
  A spiny frog skeleton (Crypt:2)
  A slave (D:6)
  A swamp dragon zombie (Crypt:2)
  2 eyes of draining
  An ogre (shapeshifter) (Abyss:4)
  6 ice beasts
  4 sky beasts
  A tengu (shapeshifter) (Abyss:4)
  42 ogres
  A snapping turtle zombie (Crypt:3)
  3 phantoms
  An ice dragon simulacrum (Crypt:2)
  5 boggarts
  23 necrophages
  23 wolves
  9 centaurs
  16 crocodiles
  6 big kobolds
  An elf zombie (Crypt:2)
  Blork the orc (D:4)
  18 bullfrogs
  A wyvern zombie (D:10)
  Dowan (D:7)
  5 earth elementals
  5 wyvern skeletons (Crypt:3)
  A komodo dragon skeleton (Crypt:2)
  A yaktaur skeleton (Crypt:2)
  4 scorpions
  A water moccasin skeleton (D:10)
  31 killer bees
  A troll skeleton (Crypt:2)
  15 small abominations
  9 wights
  4 electric eels
  3 howler monkeys
  7 crimson imps
  A quasit (Abyss:2)
  A bullfrog zombie (D:9)
  7 lava snakes (Volcano)
  4 jellies
  22 orc wizards
  6 hounds
  A black bear zombie (Crypt:1)
  24 orc priests
  A bullfrog skeleton (D:7)
  A human skeleton (Crypt:1)
  3 hell rats (D:7)
  Jessica (D:2)
  5 iguanas
  14 worker ants
  A naga zombie (Tomb:1)
  A naga skeleton (Tomb:2)
  A demigod skeleton (Crypt:2)
  2 hound zombies
  16 mummies
  17 adders
  4 river rats (D:7)
  3 shadow imps
  9 white imps (IceCv)
  7 ufetubi (IceCv)
  2 worms
  3 dart slugs
  5 leopard geckos
  110 orcs
  A ball python (D:8)
  8 bats
  4 giant cockroaches
  13 goblins
  9 hobgoblins
  9 jackals
  2 quokkas
  10 frilled lizards
  A goblin zombie (D:7)
  19 kobolds
  A kobold zombie (D:7)
  A leopard gecko skeleton (Crypt:1)
  2 quokka skeletons
  17 rats
  A rat zombie (D:7)
  4 crawling corpses (Elf:3)
  2 plants
  2 starspawn tentacles (Abyss:4)
2184 creatures vanquished.

Vanquished Creatures (collateral kills)
  Sojobo (Tomb:1)
  A tengu reaver (Tomb:1)
  A deep elf sorcerer (Elf:1)
  2 emperor scorpions
  A ghost moth (Spider:4)
  2 entropy weavers
  A deep elf demonologist (Elf:1)
  2 spark wasps (Spider:4)
  A halazid warlock (Desolation)
  A deep elf annihilator (Elf:3)
  A crystal guardian (Desolation)
  5 ragged hierophants (Desolation)
  2 servants of whispers (Desolation)
  A peacekeeper (Desolation)
  A hydra (Swamp:4)
  A centaur warrior (Vaults:3)
  2 swamp dragons (Swamp:4)
  A deep elf archer (Elf:1)
  An ironbrand convoker (Desolation)
  3 wolf spiders
  3 orb spiders
  2 deep elf magi
  A torpor snail (Lair:6)
  A spectral redback (Spider:4)
  A redback zombie (Spider:4)
  2 demonic crawlers (Spider:3)
  A tyrant leech (Lair:6)
  6 jumping spiders
  A spectral jumping spider (Spider:4)
  2 meliai (Spider:3)
  2 hornets
  A spectral tarantella (Spider:4)
  10 saltlings (Desolation)
  3 tarantellas
  7 redbacks
  A basilisk (Lair:6)
  4 orc warriors
  A wolf (Lair:6)
  A quasit (D:6)
  An orc wizard (D:6)
  An orc (D:6)
83 creatures vanquished.

Vanquished Creatures (others)
  A ragged hierophant (Desolation)
  A hydra (Swamp:4)
  A shambling mangrove (Swamp:4)
  A dancing weapon (Elf:2)
  A deep elf mage (Elf:2)
  A molten gargoyle (Desolation)
  A guardian mummy (Tomb:1)
  A hornet (Swamp:2)
  A jumping spider (Spider:2)
  A flying skull (Tomb:1)
  An air elemental (Elf:3)
  An orc warrior (Vaults:4)
  A boggart (Vaults:2)
  An ogre (Vaults:1)
  A bullfrog (D:6)
  An orc wizard (Elf:2)
  A hound skeleton (D:6)
  2 white imps (IceCv)
  2 orcs (Orc:1)
  A kobold (D:13)
  9 fungi
  2 lurking horrors (Abyss:4)
  32 plants
  7 withered plants
72 creatures vanquished.

Grand Total: 2339 creatures vanquished

Notes
Turn   | Place    | Note
-------+----------+-------------------------------------------
     0 | D:1      | MrRokkomies the Ghoul Monk began the quest for the Orb.
     0 | D:1      | Reached XP level 1. HP: 19/19 MP: 0/0
   158 | D:1      | Reached XP level 2. HP: 22/26 MP: 1/1
   494 | D:1      | Reached XP level 3. HP: 26/33 MP: 2/2
   674 | D:2      | Reached skill level 4 in Unarmed Combat
  1058 | D:2      | Noticed Jessica
  1066 | D:2      | Killed Jessica
  1066 | D:2      | Reached XP level 4. HP: 41/41 MP: 3/3
  1593 | D:3      | Found a faded altar of an unknown god.
  1623 | D:3      | Became a worshipper of Makhleb the Destroyer
  1623 | D:3      | Reached * piety under Makhleb
  1623 | D:3      | Reached ** piety under Makhleb
  1824 | D:3      | Reached *** piety under Makhleb
  1939 | D:3      | Reached XP level 5. HP: 47/47 MP: 4/4
  1960 | D:3      | Found a runed translucent gate.
  1963 | D:3      | Found a runed translucent gate.
  1963 | D:3      | Found a runed translucent gate.
  1999 | D:3      | Noticed TimeIsEndless's ghost (amateur OpAE)
  2369 | D:4      | Reached skill level 5 in Fighting
  2369 | D:4      | Reached skill level 5 in Unarmed Combat
  2479 | D:4      | Noticed an ogre
  2490 | D:4      | Killed an ogre
  2490 | D:4      | Reached skill level 1 in Invocations
  2490 | D:4      | Reached XP level 6. HP: 40/56 MP: 4/6
  2687 | D:4      | Noticed Blork the orc
  2696 | D:4      | Killed Blork the orc
  2929 | D:4      | Reached skill level 6 in Unarmed Combat
  2965 | D:4      | Found a burning altar of Makhleb.
  3170 | D:5      | Entered Level 5 of the Dungeon
  3251 | D:5      | Reached XP level 7. HP: 63/63 MP: 7/7
  3352 | D:5      | Found a staircase to the Ecumenical Temple.
  3554 | D:5      | Found a hazy altar of Hepliaklqana.
  3558 | D:5      | Found a glowing silver altar of Zin.
  3558 | D:5      | Found a stormy altar of Qazlal.
  3558 | D:5      | Found a blossoming altar of Fedhas.
  3810 | D:6      | Found a large runed translucent door.
  3812 | D:6      | Found a large runed translucent door.
  3815 | D:6      | Noticed Mort's ghost (novice HaMo)
  3865 | D:6      | Found a bloodstained altar of Trog.
  3910 | D:6      | Noticed Pikel
  3938 | D:6      | Killed Pikel
  3938 | D:6      | Reached skill level 7 in Unarmed Combat
  3938 | D:6      | Reached XP level 8. HP: 48/74 MP: 8/10
  4054 | D:6      | Noticed a two-headed ogre
  4061 | D:6      | Killed a two-headed ogre
  4061 | D:6      | Reached skill level 8 in Unarmed Combat
  4061 | D:6      | Reached XP level 9. HP: 56/82 MP: 11/11
  4146 | D:6      | Reached skill level 5 in Invocations
  4878 | D:7      | Reached skill level 9 in Unarmed Combat
  4890 | D:7      | Reached **** piety under Makhleb
  5051 | D:7      | Noticed Dowan
  5051 | D:7      | Noticed Duvessa
  5069 | D:7      | Killed Duvessa
  5073 | D:7      | Killed Dowan
  5138 | D:7      | Found the +2 ratskin cloak {+Rats rPois rN+ Str-1 Int-1
                  | Dex+1}
  5198 | D:7      | Found a flagged portal.
  5239 | Bailey   | Entered a bailey
  5359 | Bailey   | Reached ***** piety under Makhleb
  6684 | Bailey   | Reached skill level 10 in Fighting
  6684 | Bailey   | Reached skill level 10 in Unarmed Combat
  6802 | Bailey   | HP: 1/85 [orc warrior/+0 glaive (26)]
  6897 | Bailey   | Reached XP level 10. HP: 82/93 MP: 13/13
  6954 | Bailey   | Found a roughly hewn altar of Beogh.
  6954 | Bailey   | Noticed an orc knight
  6963 | Bailey   | Killed an orc knight
  7155 | Bailey   | Identified a scroll of acquirement
  7162 | Bailey   | Identified a +2 pair of boots of running (You acquired it
                  | in a bailey)
  7272 | D:7      | Found a shimmering altar of Xom.
  7371 | D:7      | Reached skill level 1 in Armour
  7844 | D:8      | Noticed Joseph
  7867 | D:8      | Killed Joseph
  7937 | D:8      | Reached skill level 11 in Unarmed Combat
  8035 | D:8      | Found a sacrificial altar of Ru.
  8065 | D:8      | Found Owatt's Assorted Antiques.
  8069 | D:8      | Bought a spiked chain mail for 171 gold pieces
  8079 | D:8      | Identified the cursed +1 chain mail "Geikiavo" {*Contam
                  | rN+++ Regen+ rCorr Dex-2} (You bought it in a shop on level
                  | 8 of the Dungeon)
  8452 | D:8      | Noticed a two-headed ogre
  8458 | D:8      | Killed a two-headed ogre
  8458 | D:8      | Reached XP level 11. HP: 105/105 MP: 15/15
  8819 | D:9      | Noticed a two-headed ogre
  8830 | D:9      | Killed a two-headed ogre
  9454 | D:10     | Entered Level 10 of the Dungeon
  9468 | D:10     | Reached ****** piety under Makhleb
  9500 | D:10     | Noticed a two-headed ogre
  9509 | D:10     | Reached skill level 12 in Unarmed Combat
  9522 | D:10     | Killed a two-headed ogre
  9522 | D:10     | Reached skill level 5 in Armour
 10153 | D:11     | Noticed a manticore
 10160 | D:11     | Noticed a white ugly thing
 10161 | D:11     | Killed a manticore
 10178 | D:11     | Noticed a red ugly thing
 10186 | D:11     | Killed a white ugly thing
 10290 | D:10     | Killed a red ugly thing
 10290 | D:10     | Reached XP level 12. HP: 41/118 MP: 17/17
 10431 | D:11     | Noticed Urug
 10454 | D:11     | Reached skill level 13 in Unarmed Combat
 10474 | D:11     | Reached skill level 15 in Fighting
 10482 | D:11     | Upgraded the game from 0.25-a0-85-g7617fd2bc2 to
                  | 0.25-a0-86-ga6f17ae7d4
 10494 | D:11     | Found a staircase to the Lair.
 10507 | D:11     | Found a staircase to the Orcish Mines.
 10738 | D:11     | Killed Urug
 11016 | Lair:1   | Entered Level 1 of the Lair of Beasts
 11057 | Lair:1   | Noticed a four-headed hydra
 11064 | Lair:1   | Killed a four-headed hydra
 11166 | Lair:1   | Found the +27 Lear's hauberk
 11650 | Lair:1   | Noticed Fannar
 11656 | Lair:1   | Found a bloodstained altar of Trog.
 11666 | Lair:1   | Killed Fannar
 11706 | Lair:1   | Noticed a seven-headed hydra
 11715 | Lair:1   | Killed a seven-headed hydra
 11748 | Lair:1   | Noticed a six-headed hydra
 11766 | Lair:1   | Killed a six-headed hydra
 12477 | Lair:2   | Reached skill level 14 in Unarmed Combat
 12486 | Lair:2   | Found a hole to the Spider Nest.
 12546 | Lair:2   | Reached XP level 13. HP: 129/129 MP: 19/19
 12586 | Lair:2   | Found a gate leading to a gauntlet.
 12600 | Gauntlet | Entered a Gauntlet
 12600 | Gauntlet | Found a transporter.
 12600 | Gauntlet | Found a large runed translucent door.
 12600 | Gauntlet | Found a large runed translucent door.
 12600 | Gauntlet | Found a large runed translucent door.
 12600 | Gauntlet | Found a large runed translucent door.
 12600 | Gauntlet | Found a runed translucent door.
 12600 | Gauntlet | Found a runed translucent door.
 12600 | Gauntlet | Found a large runed translucent door.
 12600 | Gauntlet | Found a large runed translucent door.
 12600 | Gauntlet | Found a large runed translucent door.
 12600 | Gauntlet | Found a large runed translucent door.
 12600 | Gauntlet | Found a large runed translucent door.
 12600 | Gauntlet | Found a large runed translucent door.
 12601 | Gauntlet | Found a large runed translucent door.
 12601 | Gauntlet | Found a large runed translucent door.
 12609 | Gauntlet | Found a transporter.
 12624 | Gauntlet | Found a transporter.
 12629 | Gauntlet | Found a transporter.
 12644 | Gauntlet | Found a transporter.
 12663 | Gauntlet | Found a transporter.
 12675 | Gauntlet | Found a transporter.
 12687 | Gauntlet | Found a transporter.
 12697 | Gauntlet | Noticed a death ooze
 12699 | Gauntlet | Found a transporter.
 12711 | Gauntlet | Found a transporter.
 12728 | Gauntlet | Found a transporter.
 12746 | Gauntlet | Found a transporter.
 12748 | Gauntlet | Found a transporter.
 12766 | Gauntlet | Found a large runed translucent door.
 12767 | Gauntlet | Found a large runed translucent door.
 12773 | Gauntlet | Found a large runed translucent door.
 12774 | Gauntlet | Found a large runed translucent door.
 12820 | Gauntlet | Found a runed translucent gate.
 12820 | Gauntlet | Found a runed translucent gate.
 12820 | Gauntlet | Found a runed translucent gate.
 12822 | Gauntlet | Found a transporter.
 12824 | Gauntlet | Found a transporter.
 12826 | Gauntlet | Found a transporter.
 12854 | Gauntlet | Found a transporter.
 12937 | Gauntlet | Found a transporter.
 13176 | Gauntlet | Noticed a minotaur
 13189 | Gauntlet | Killed a minotaur
 13189 | Gauntlet | Reached skill level 10 in Invocations
 13470 | Lair:2   | Reached skill level 1 in Evocations
 13997 | Lair:3   | Found a staircase to the Swamp.
 14170 | Lair:3   | Found a dark tunnel.
 14179 | Volcano  | Entered a volcano
 14728 | Lair:3   | Reached skill level 15 in Unarmed Combat
 15575 | Lair:4   | Reached skill level 10 in Armour
 15623 | Lair:4   | Found a burning altar of Makhleb.
 16250 | Lair:5   | Reached XP level 14. HP: 112/139 MP: 21/21
 16722 | Lair:6   | Entered Level 6 of the Lair of Beasts
 16733 | Lair:6   | Reached skill level 5 in Evocations
 16837 | Lair:6   | Found a runed translucent door.
 17554 | Lair:6   | Found a viscous altar of Jiyva.
 17563 | Lair:6   | Found a staircase to the Slime Pits.
 18293 | Orc:1    | Entered Level 1 of the Orcish Mines
 18433 | Orc:1    | Paralysed by an orc sorcerer for 5 turns
 18478 | Orc:1    | Noticed an orc warlord
 18501 | Orc:1    | Killed an orc warlord
 18501 | Orc:1    | Reached skill level 16 in Unarmed Combat
 18940 | Orc:1    | Found a roughly hewn altar of Beogh.
 19212 | Orc:2    | Entered Level 2 of the Orcish Mines
 19220 | Orc:2    | Found a staircase to the Elven Halls.
 19533 | Orc:2    | Reached XP level 15. HP: 132/147 MP: 22/22
 19700 | Orc:2    | Found Kuczaf's Jewellery Emporium.
 19700 | Orc:2    | Found Fifej's Antique Weapon Boutique.
 19701 | Orc:2    | Found Alac's General Store.
 19701 | Orc:2    | Found Yvealy's General Store.
 19724 | Orc:2    | Bought a wand of clouds (4) for 288 gold pieces
 19728 | Orc:2    | Bought the ring "Dapulue" {rC+ rCorr SInv} for 382 gold
                  | pieces
 19731 | Orc:2    | Bought an uncursed ring of fire for 250 gold pieces
 19953 | Orc:2    | Found a runed translucent door.
 20201 | Orc:2    | Found a roughly hewn altar of Beogh.
 20574 | D:12     | Reached skill level 17 in Unarmed Combat
 21051 | D:13     | Got a crude plate armour
 21052 | D:13     | Identified the +9 plate armour of Tartarus {MR+} (You found
                  | it on level 13 of the Dungeon)
 21431 | D:13     | Noticed Rupert
 21451 | D:13     | Killed Rupert
 22075 | D:14     | Reached XP level 16. HP: 155/155 MP: 24/24
 22248 | D:14     | Reached skill level 10 in Evocations
 22610 | D:14     | Reached skill level 18 in Unarmed Combat
 22728 | D:14     | Noticed Agnes
 22792 | D:14     | Found a gate to the Vaults.
 22839 | D:14     | Killed Agnes
 23279 | D:15     | Entered Level 15 of the Dungeon
 23361 | D:15     | Found a runed translucent gate.
 23362 | D:15     | Found a runed translucent gate.
 23363 | D:15     | Found a runed translucent gate.
 23502 | D:15     | Reached skill level 1 in Crossbows
 23573 | D:15     | Found a stormy altar of Qazlal.
 23722 | D:15     | Noticed Kafito's ghost (journeyman GrEE)
 23904 | D:15     | Found a staircase to the Depths.
 24112 | Spider:1 | Entered Level 1 of the Spider Nest
 24353 | Spider:1 | Noticed Josephine
 24375 | Spider:1 | Killed Josephine
 24766 | Spider:1 | Reached skill level 19 in Unarmed Combat
 24904 | Spider:1 | Reached skill level 5 in Crossbows
 24909 | Spider:1 | Reached XP level 17. HP: 158/161 MP: 26/26
 26242 | Spider:3 | Found a runed translucent gate.
 26242 | Spider:3 | Found a runed translucent gate.
 26243 | Spider:3 | Noticed Baimagru's ghost (adept DDFi)
 26245 | Spider:3 | Found a runed translucent gate.
 26948 | Spider:4 | Entered Level 4 of the Spider Nest
 27139 | Spider:4 | Found a frozen archway.
 27159 | IceCv    | Entered an ice cave
 27351 | IceCv    | Noticed an Ice Fiend
 27351 | IceCv    | Noticed an Ice Fiend
 27373 | IceCv    | Killed an Ice Fiend
 27375 | IceCv    | Reached skill level 20 in Unarmed Combat
 27378 | IceCv    | Killed an Ice Fiend
 27398 | IceCv    | Found the +8 demon blade "Bloodbane" {slice, *Rage +Rage
                  | Stlth-}
 28032 | Spider:4 | Reached XP level 18. HP: 169/169 MP: 27/27
 28804 | Spider:4 | HP: 5/169 [jumping spider (8)]
 29367 | Spider:4 | Reached skill level 15 in Invocations
 29498 | Spider:4 | Reached skill level 10 in Crossbows
 29557 | Spider:4 | Got a gossamer rune of Zot
 29572 | Spider:4 | Identified the +4 demon trident "Zonun" {drain, rN+ Str+3}
                  | (You found it on level 4 of the Spider Nest)
 29755 | Swamp:1  | Entered Level 1 of the Swamp
 30063 | Swamp:1  | Found a runed translucent gate.
 30063 | Swamp:1  | Found a runed translucent gate.
 30064 | Swamp:1  | Found a runed translucent gate.
 30064 | Swamp:1  | Noticed skelma's ghost (journeyman FoFi)
 31274 | Swamp:3  | Reached skill level 21 in Unarmed Combat
 31917 | Swamp:4  | Entered Level 4 of the Swamp
 32083 | Swamp:4  | Reached XP level 19. HP: 132/176 MP: 29/29
 32281 | Swamp:4  | Noticed Nikola
 32322 | Swamp:4  | Killed Nikola
 32566 | Swamp:4  | Noticed Mara
 32567 | Swamp:4  | Noticed Donald
 32572 | Swamp:4  | Killed Mara
 32587 | Swamp:4  | Killed Donald
 32636 | Swamp:4  | Found an ancient bone altar of Kikubaaqudgha.
 32977 | Swamp:4  | Got a decaying rune of Zot
 33271 | Vaults:1 | Entered Level 1 of the Vaults
 33526 | Vaults:1 | Found a runed translucent gate.
 33526 | Vaults:1 | Found a runed translucent gate.
 33526 | Vaults:1 | Found a runed translucent gate.
 34270 | Vaults:1 | Reached skill level 22 in Unarmed Combat
 35019 | Vaults:1 | Cast into level 4 of the Abyss (vault warden)
 35132 | Abyss:4  | Noticed a lich
 35150 | Abyss:4  | Killed a lich
 35150 | Abyss:4  | Reached XP level 20. HP: 183/183 MP: 31/31
 35458 | Vaults:1 | Escaped the Abyss
 35651 | Vaults:1 | Noticed Lofupn's ghost (adept SpEn)
 35652 | Vaults:1 | Noticed Sudaz's ghost (veteran MiGl)
 35698 | Vaults:2 | Found Ecohinet's Gadget Shop.
 35699 | Vaults:2 | Found a flickering gateway to a bazaar.
 35708 | Bazaar   | Entered a bazaar
 35739 | Bazaar   | Found Xeddodgh's Armour Shoppe.
 35739 | Bazaar   | Found Rogi's Jewellery Emporium.
 35743 | Bazaar   | Bought the +8 orange crystal plate armour {Archmagi, Int+3
                  | Clar} for 1878 gold pieces
 35743 | Bazaar   | Found the +8 orange crystal plate armour {Archmagi, Int+3
                  | Clar}
 35770 | Bazaar   | Found Diriatra's Food Shoppe.
 35770 | Bazaar   | Found Uschom's Assorted Antiques.
 35780 | Bazaar   | Bought a potion of heal wounds for 170 gold pieces
 35850 | Vaults:2 | Bought a wand of clouds (5) for 486 gold pieces
 36740 | Vaults:2 | Found a staircase to the Crypt.
 36809 | Vaults:2 | Found Waaxeow's Book Shop.
 36815 | Vaults:2 | Found Nile Nuyca's Antique Armour Shop.
 37628 | Vaults:3 | Found a ruined gateway.
 37660 | Desolati | Entered the Desolation of Salt
 37830 | Desolati | Got a wavering pewter ring
 37832 | Desolati | Identified the +3 chain mail of Tulips {*Contam *Corrode
                  | rPois rN+++} (You found it in the Desolation of Salt)
 37834 | Desolati | Identified the ring of Qeecisch {-Tele +Inv rN++ SInv
                  | Stlth+} (You found it in the Desolation of Salt)
 37835 | Desolati | Identified the Handbook of Calling and Flight
 37837 | Desolati | Identified Buips's Tome of Unstable Damage Dealing
 37986 | Desolati | Reached skill level 23 in Unarmed Combat
 38072 | Desolati | Got a slimy ivory ring
 38092 | Desolati | Identified the ring of Ecaarit {rPois rC+ AC+4 Dex-3
                  | Slay+3} (You found it in the Desolation of Salt)
 38253 | Desolati | Reached XP level 21. HP: 160/191 MP: 32/32
 38584 | Desolati | Identified the Tome of Arcane Weapons
 38592 | Desolati | Identified Sif Muna's Papyrus of the Icy Traveller
 39076 | Vaults:3 | Noticed Aizul
 39101 | Vaults:3 | Killed Aizul
 40144 | Vaults:4 | Reached skill level 15 in Crossbows
 40399 | Vaults:4 | Learned a level 1 spell: Confusing Touch
 40402 | Vaults:4 | Learned a level 2 spell: Blink
 40404 | Vaults:4 | Learned a level 1 spell: Summon Butterflies
 40406 | Vaults:4 | Learned a level 1 spell: Apportation
 40409 | Vaults:4 | Learned a level 2 spell: Passwall
 40446 | Vaults:3 | Identified the +0 hat of Paranoia {+Fly MR- rCorr Str+8}
                  | (You acquired it on level 3 of the Vaults)
 40500 | Vaults:4 | Noticed Frederick
 40610 | Vaults:4 | Killed Frederick
 40687 | Vaults:4 | Reached skill level 24 in Unarmed Combat
 40801 | Vaults:4 | Noticed Boris
 40816 | Vaults:4 | Killed Boris
 40816 | Vaults:4 | Reached XP level 22. HP: 199/199 MP: 33/33
 40900 | Vaults:4 | Noticed Bai Suzhen
 40927 | Vaults:4 | Killed Bai Suzhen
 41674 | Elf:1    | Entered Level 1 of the Elven Halls
 43113 | Elf:2    | Found a runed translucent gate.
 43113 | Elf:2    | Found a runed translucent gate.
 43114 | Elf:2    | Found a runed translucent gate.
 43758 | Elf:3    | Entered Level 3 of the Elven Halls
 44066 | Elf:2    | Reached XP level 23. HP: 178/205 MP: 35/35
 44116 | Elf:3    | Reached skill level 25 in Unarmed Combat
 44187 | Elf:3    | Cast into level 2 of the Abyss (a deep elf demonologist)
 44406 | Abyss:3  | Got a coiled lead amulet
 44413 | Elf:3    | Escaped the Abyss
 44428 | Elf:3    | Identified the amulet "Luafoet" {+Inv rN++ Regen+ Str-5
                  | Int+3} (You found it on level 3 of the Abyss)
 44721 | Elf:3    | Found the +8 storm bow {elec, penet}
 44782 | Elf:3    | Identified Ameniuppy's Almanac of Helpful Poison
 44861 | Elf:3    | Got a bound bronze ring
 44862 | Elf:3    | Identified the ring "Yqebluco" {rPois rN+ MR+ Str+2} (You
                  | found it on level 3 of the Elven Halls)
 44980 | Elf:3    | Identified the cursed +0 plate armour of Huilein {Str+2
                  | Dex+4} (You found it on level 3 of the Elven Halls)
 45669 | Crypt:1  | Entered Level 1 of the Crypt
 45702 | Crypt:1  | Upgraded the game from 0.25-a0-86-ga6f17ae7d4 to
                  | 0.25-a0-87-ga3d287bc14
 46643 | Crypt:2  | Noticed Boris
 46787 | Crypt:2  | Killed Boris
 46787 | Crypt:2  | Reached XP level 24. HP: 208/208 MP: 35/35
 47052 | Crypt:2  | Reached skill level 26 in Unarmed Combat
 47330 | Crypt:2  | Found the +3 giant club "Skullcrusher" {speed, Str+7}
 47796 | Crypt:3  | Entered Level 3 of the Crypt
 48230 | Crypt:3  | Noticed Saint Roka
 48318 | Crypt:3  | Killed Saint Roka
 48534 | Crypt:3  | Found a basalt altar of Yredelemnul.
 48782 | Crypt:3  | Identified the ring "Cuidgh" {rPois rN+ MR+ Str+2 SInv}
 48977 | Crypt:3  | Identified the Reference Book on Displacement
 48993 | Crypt:3  | Identified the ring "Lontosonn" {rN+ Str+7 Int-3} (You
                  | found it on level 3 of the Crypt)
 48994 | Crypt:3  | Identified the ring of Zenaskol {MP+9 Dex+2} (You found it
                  | on level 3 of the Crypt)
 48995 | Crypt:3  | Identified the ring of the Raven {rC+ rN+} (You found it on
                  | level 3 of the Crypt)
 49326 | Crypt:3  | Found a staircase to the Tomb.
 49795 | Tomb:1   | Entered Level 1 of the Tomb of the Ancients
 49931 | Tomb:1   | Noticed Sojobo
 50025 | Tomb:1   | Killed Sojobo
 50252 | Tomb:1   | Reached XP level 25. HP: 220/220 MP: 35/35
 50431 | Tomb:1   | Paralysed by a sphinx for 5 turns
 50626 | Tomb:1   | Noticed a greater mummy
 50645 | Tomb:1   | Killed a greater mummy
 51170 | Tomb:1   | Reached skill level 27 in Unarmed Combat
 51330 | Tomb:1   | Identified the Collected Works on the Enthralling Frostbite
 51511 | Tomb:1   | Reached skill level 15 in Armour
 51806 | Tomb:2   | Noticed a greater mummy
 51806 | Tomb:2   | Noticed a greater mummy
 51806 | Tomb:2   | Noticed a greater mummy
 51807 | Tomb:2   | Noticed a greater mummy
 51866 | Tomb:2   | Killed a greater mummy
 51902 | Tomb:2   | Killed a greater mummy
 51921 | Tomb:2   | Killed a greater mummy
 51940 | Tomb:2   | Killed a greater mummy
 52363 | Tomb:2   | HP: 9/223 [bennu (20)]
 52373 | Tomb:2   | Killed from afar by a mummy priest

Levels and vault maps discovered:
D:1:      eino_arrival_tree_alley, layout_basic
D:2:      minmay_alternating_diamond, layout_loops_corners, minmay_lizard_king,
          uniq_jessica
D:3:      layout_loops_cross, chequers_ecumenical_altar_island,
          gammafunk_ghost_icy, hangedman_decor_clover_reticule
D:4:      layout_gridville, lemuel_coloured_pillars_altar, first_ration,
          uniq_blork_the_orc
D:5:      layout_rooms, grunt_temple_overflow_open, minmay_temple_entry_wispy,
          minivault_14
D:6:      layout_layer_cave, ebering_ghost_disaster_area, bloody_trog,
          uniq_pikel
D:7:      wander_guarded_unrand_ratskin, layout_basic, basic_altar,
          enter_bailey_5, enter_ossuary_3, uniq_duvessa
D:8:      layout_loops_cross, nicolae_ru_great_annihilating_truth, serial_shops,
          shop, uniq_joseph
D:9:      layout_layer_cave
D:10:     layout_roguey
D:11:     layout_rooms, lair_entry_dummy, david_orc_2, uniq_urug
D:12:     layout_roguey
D:13:     layout_cross, hangedman_ranch [blue_anna_fruit_fields],
          minmay_shattered_shrine, uniq_rupert
D:14:     layout_loops_corners, erik_vaults_1, grunt_decor_arrowhead,
          serial_bayou_lake_a, uniq_agnes
D:15:     grunt_enter_depths_snipers, layout_rooms, gammafunk_ghost_icy,
          hangedman_decor_points, basic_altar, serial_bayou_pond_a
Lair:1:   layout_regular_city, lemuel_oklob_altar, infiniplex_staircase_pool_2,
          lemuel_fruit_fields, lemuel_fruit_fields, uniq_fannar
Lair:2:   layout_regular_city, spider_nest_entry_webs, gauntlet_entry_generic
Lair:3:   layout_cave_pods, swamp_mist, nicolae_volcano_entry_batcave,
          grunt_megastairs_4
Lair:4:   layout_long_grid, minmay_holes, lemuel_centaur_altar
Lair:5:   layout_gridlike, grunt_megastairs_1
Lair:6:   wormcave, layout_cave_pods, slime_altar_1
Swamp:1:  layout_falls_marsh, gammafunk_ghost_split, evilmike_swamp_ruin_house_2
Swamp:2:  layout_basic_swamp, serial_swamp_ruin, evilmike_swamp_ruin_house_1,
          evilmike_swamp_ruin_house_5, evilmike_swamp_ruin_house_4
Swamp:3:  layout_falls_marsh, hangedman_swamp_lotus, ldierk_geyser
Swamp:4:  swamp_alternative, layout_basic_swamp, swamp_pool3, grunt_ruined_hall,
          uniq_mara, uniq_donald, uniq_nikola
Spider:1: layout_spider_delve, nicolae_spider_webbed_stairs, uniq_josephine
Spider:2: layout_spider_delve
Spider:3: layout_spider_delve, ebering_ghost_rock_garden, nicolae_spider_shape
Spider:4: floodkiller_spider_rune_tomb, portal_ice_cave_entry_dragon
Orc:1:    orc_temple, layout_diamond_mine
Orc:2:    st_orc_ogre_mass, layout_diamond_mine, lightli_church_of_beogh
Elf:1:    eino_elf_arrival_sip, layout_geoelf_octagon, evilmike_minifort
Elf:2:    layout_geoelf_octagon, uniq_louise
Elf:3:    minmay_elf_hall_four_x, layout_rooms, serial_sigils_hangedman_confine
Vaults:1: gammafunk_vaults_ghost_cemetery, nicolae_vaults_triangles,
          ontoclasm_vaults_ligature, nicolae_vaults_three_branches,
          ontoclasm_vaults_decontamination, v_misc_4, vaults_dpeg_cross,
          vaults_room_grunt_arrival_ludios, vaults_room_pools,
          vaults_room_guarded_vault, layout_vaults_chaotic_city
Vaults:2: vaults_standard_mumra_x, v_misc_24, minmay_crypt_entry_nasty_monster,
          vaults_mumra_chevron, nicolae_vaults_what_the_h,
          nicolae_vaults_network_star, grunt_vaults_hallway_long,
          nicolae_vaults_mini_display_case, nicolae_vaults_little_squares_4,
          v_misc_28, v_misc_12, serial_ice_g, layout_vaults_omnigrid,
          serial_shops, bzr_in_the_mist, shop, nicolae_shop_crystal,
          nicolae_shop_statue_plus
Vaults:3: vaults_dpeg_spiral, v_misc_33, vaults_dpeg_doors,
          nicolae_vaults_halls_meeting, vaults_room_semicircle,
          ontoclasm_vaults_tryst, ontoclasm_vaults_misaligned, v_misc_17,
          v_pattern_2, hangedman_vaults_snaps, vaults_room_door_ring,
          hangedman_vaults_stagger, nicolae_vaults_sealed_display,
          nicolae_vaults_yaktaur_gun_rack, vaults_room_door_ring, v_misc_23,
          nicolae_vaults_ring_of_whatevers, layout_vaults_omnibox,
          portal_desolation_entry_nicolae_slug, uniq_aizul
Vaults:4: ontoclasm_vaults_chip, grunt_vaults_bifocal, v_misc_12,
          vaults_room_pool, vaults_room_semicircle,
          vaults_room_grunt_arrival_checkpoint, v_misc_12,
          nicolae_vaults_alarming, nicolae_vaults_network_barrier, v_misc_16,
          nicolae_vaults_fighting_squares, nicolae_vaults_little_squares_2,
          v_misc_15, hangedman_vaults_corner_blocks, layout_vaults_maze,
          uniq_bai_suzhen, uniq_frederick, uniq_boris
Crypt:1:  layout_misc_corridors
Crypt:2:  layout_gridlike, hex_medium, minmay_guarded_unrand_skullcrusher
Crypt:3:  evilmike_haunted_forest, uniq_saint_roka
Tomb:1:   uniq_sojobo
Tomb:2

Skill      XL: |  1  2  3  4  5  6  7  8  9 10 11 12 13 14 15 16 17 18 19 20 21 22 23 24 25 |
---------------+----------------------------------------------------------------------------+-----
Fighting       | 4 5 6 7 8 10 12 14 16 17 | 17.8
Unarmed Combat | 4 5 6 7 8 10 11 12 14 15 16 17 19 20 21 22 23 24 25 26 27 | 27.0
Invocations    | 1 2 4 6 7 8 9 10 11 12 13 14 15 16 17 18 19 20 | 20.4
Armour         | 3 6 8 10 11 12 14 15 | 15.5
Evocations     | 4 7 9 10 | 10.0
Crossbows      | 5 8 10 12 14 15 16 18 | 18.0
Dodging        | |  2.6
Stealth        | |  2.1

Action                   |  1- 3 |  4- 6 |  7- 9 | 10-12 | 13-15 | 16-18 | 19-21 | 22-24 | 25-27 || total
-------------------------+-------+-------+-------+-------+-------+-------+-------+-------+-------++-------
Melee: Unarmed           |   107 |   194 |   305 |   846 |  1564 |  1794 |  1554 |  1808 |   181 ||  8353
       Punch             |     3 |     4 |     9 |    37 |   102 |   127 |   128 |   140 |    17 ||   567
 Fire: Hunting sling     |       |       |   111 |       |       |       |       |       |       ||   111
       Arbalest          |       |       |       |     4 |    11 |   140 |   276 |   343 |   202 ||   976
Throw: Dart              |       |     6 |    11 |     4 |    19 |     5 |       |       |       ||    45
       Throwing net      |       |       |       |       |     1 |       |       |       |       ||     1
Invok: Minor Destruction |       |     1 |       |    25 |     6 |    13 |       |       |       ||    45
       Lesser Servant of |       |       |     1 |     3 |     5 |     6 |       |       |       ||    15
       Major Destruction |       |       |       |     2 |     4 |     5 |     5 |     7 |     1 ||    24
       Greater Servant o |       |       |       |       |       |     9 |     6 |     4 |     1 ||    20
Evoke: Wand              |       |       |     5 |     1 |    10 |    12 |    18 |     6 |       ||    52
       Fan of gales      |       |       |       |     1 |     1 |     1 |       |     1 |     1 ||     5
       Sack of spiders   |       |       |       |       |     1 |       |       |     2 |       ||     3
       Phantom mirror    |       |       |       |       |       |       |     1 |     2 |       ||     3
  Use: Scroll            |     2 |     8 |     5 |     3 |    20 |    22 |     8 |    16 |     3 ||    87
       Potion            |       |       |     3 |     2 |     7 |     9 |     1 |     6 |     4 ||    32
 Stab: Sleeping          |     2 |     1 |       |       |       |       |       |       |       ||     3
       Distracted        |       |       |     1 |       |     1 |     5 |     5 |       |       ||    12
       Paralysed         |       |       |     2 |     2 |       |       |       |       |       ||     4
       Held in net/web   |       |       |       |       |     2 |       |       |     1 |       ||     3
       Confused          |       |       |       |       |       |     1 |     1 |       |       ||     2
  Eat: Chunk             |     5 |    10 |    40 |    30 |    81 |    70 |    51 |    71 |     3 ||   361
       Ration            |       |       |       |       |     1 |       |       |       |       ||     1
Armor: Robe              |    13 |       |       |       |       |       |       |       |       ||    13
       Ring mail         |    17 |    89 |    28 |       |       |       |       |       |       ||   134
       Chain mail        |       |       |   154 |   455 |   980 |       |       |       |       ||  1589
       Plate armour      |       |       |       |   113 |   115 |  1168 |       |       |       ||  1396
       Crystal plate arm |       |       |       |       |       |   837 |  1591 |  1407 |   299 ||  4134
Dodge: Dodged            |    66 |   139 |   187 |   385 |   678 |   672 |   428 |   405 |    76 ||  3036

Table legend:
 A = Non-vault XP
 B = Vault XP
 C = Vault XP percentage of total XP
 D = Non-vault monster count
 E = Vault monster count
 F = Vault count percentage of total count
                 A         B        C        D         E       F
            +---------+---------+-------+---------+---------+-------
      Total |  509185 |  549119 |  51.9 |    1368 |     894 |  39.5
            +---------+---------+-------+---------+---------+-------
        D:1 |      36 |       0 |   0.0 |      19 |       0 |   0.0
        D:2 |      28 |      53 |  65.4 |      13 |      12 |  48.0
        D:3 |      57 |       0 |   0.0 |      17 |       0 |   0.0
        D:4 |     310 |      96 |  23.6 |      19 |       1 |   5.0
        D:5 |     297 |       0 |   0.0 |       9 |       0 |   0.0
        D:6 |    1172 |     651 |  35.7 |      12 |       1 |   7.7
        D:7 |    1892 |     402 |  17.5 |      36 |      30 |  45.5
        D:8 |    2480 |     457 |  15.6 |      37 |       5 |  11.9
        D:9 |    2252 |       0 |   0.0 |      23 |       0 |   0.0
       D:10 |    6775 |       0 |   0.0 |      58 |       0 |   0.0
       D:11 |    4585 |     881 |  16.1 |      26 |       7 |  21.2
       D:12 |    9091 |       0 |   0.0 |      31 |       0 |   0.0
       D:13 |    5930 |    9680 |  62.0 |      26 |      19 |  42.2
       D:14 |   16662 |    4042 |  19.5 |      42 |       3 |   6.7
       D:15 |   12633 |    2388 |  15.9 |      30 |       3 |   9.1
     Lair:1 |    5151 |     997 |  16.2 |      16 |       1 |   5.9
     Lair:2 |    4589 |     647 |  12.4 |      22 |       3 |  12.0
     Lair:3 |    6847 |    1455 |  17.5 |      38 |       6 |  13.6
     Lair:4 |    3858 |     444 |  10.3 |      16 |       4 |  20.0
     Lair:5 |    2217 |     137 |   5.8 |      11 |       1 |   8.3
     Lair:6 |    7247 |    7065 |  49.4 |      32 |      18 |  36.0
    Swamp:1 |    6130 |       0 |   0.0 |      14 |       0 |   0.0
    Swamp:2 |    9169 |       0 |   0.0 |      29 |       0 |   0.0
    Swamp:3 |    7800 |       0 |   0.0 |      15 |       0 |   0.0
    Swamp:4 |   15723 |   32586 |  67.5 |      37 |      40 |  51.9
   Spider:1 |   18550 |    1921 |   9.4 |      61 |       5 |   7.6
   Spider:2 |   14707 |       0 |   0.0 |      43 |       0 |   0.0
   Spider:3 |   14872 |    4903 |  24.8 |      44 |       8 |  15.4
   Spider:4 |   19773 |   36833 |  65.1 |      48 |      71 |  59.7
      Orc:1 |    2180 |    5949 |  73.2 |      29 |      28 |  49.1
      Orc:2 |    2975 |   19874 |  87.0 |      28 |      49 |  63.6
      Elf:1 |   15100 |   11880 |  44.0 |      26 |      17 |  39.5
      Elf:2 |   27713 |   24957 |  47.4 |      48 |      30 |  38.5
      Elf:3 |   15067 |   55336 |  78.6 |      27 |      39 |  59.1
   Vaults:1 |   24752 |   17778 |  41.8 |      48 |      20 |  29.4
   Vaults:2 |   19469 |   22383 |  53.5 |      40 |      36 |  47.4
   Vaults:3 |   23421 |   18971 |  44.8 |      37 |      26 |  41.3
   Vaults:4 |   29930 |   36503 |  54.9 |      44 |      25 |  36.2
    Crypt:1 |   44344 |       0 |   0.0 |      58 |       0 |   0.0
    Crypt:2 |   51165 |   10609 |  17.2 |      69 |      23 |  25.0
    Crypt:3 |       0 |   71229 | 100.0 |       0 |     111 | 100.0
     Tomb:1 |   21803 |   39939 |  64.7 |      35 |      35 |  50.0
     Tomb:2 |    7799 |   39032 |  83.3 |      17 |      20 |  54.1
    Abyss:2 |    7398 |       0 |   0.0 |      17 |       0 |   0.0
    Abyss:4 |   15236 |    1008 |   6.2 |      21 |       3 |  12.5
     Bailey |       0 |    1304 | 100.0 |       0 |      26 | 100.0
      IceCv |       0 |   11081 | 100.0 |       0 |      33 | 100.0
    Volcano |       0 |    1677 | 100.0 |       0 |      14 | 100.0
 Desolation |       0 |   50443 | 100.0 |       0 |     102 | 100.0
   Gauntlet |       0 |    3528 | 100.0 |       0 |      19 | 100.0
            +---------+---------+-------+---------+---------+-------
